 Dungeon Crawl Stone Soup version 0.32-a0-834-geaf45d8e21 (webtiles) character file.

Game seed: 18105460721517894426

413 epen the Ruffian (level 6, -22/56 HPs)
             Began as a Naga Shapeshifter on Mar 25, 2024.
             Was a Priest of Beogh.
             Annihilated by Oruk the orc apostle
             ... wielding a +4 glaive of flaming
              (23 damage)
             ... on level 4 of the Dungeon.
             The game lasted 00:09:42 (3429 turns).

epen the Ruffian (Naga Shapeshifter)                Turns: 3429, Time: 00:09:42

Health: -22/56     AC:  4    Str: 17    XL:     6   Next: 90%
Magic:  7/7        EV:  9    Int: 10    God:    Beogh [***...]
Gold:   183        SH:  0    Dex: 12    Spells: 5/5 levels left

rFire   . .          .
                       - Unarmed
rCold   . . .        (no shield)
rNeg    . . .        a - +1 animal skin
rPois   +            (helmet currently unavailable)
rElec   .            (cloak currently unavailable)
rCorr   .            (gloves currently unavailable)
SInv    +            (no barding)
Will    .....        (no amulet)
Stlth   +            (no ring)
HPRegen 0.29/turn    (no ring)
MPRegen 0.10/turn

%: no passive effects
@: beast-form, very slow
A: beast (slay +2), AC +2, large, see invisible, deformed body, poison
resistance, slowness 2, spit poison 1, naga tail 1
a: Spit Poison, Begin Untransformation, Renounce Religion, Smiting


You were on level 4 of the Dungeon.
You worshipped Beogh.
Beogh was most pleased with you.
You were a hulking beast.
You visited 1 branch of the dungeon, and saw 4 of its levels.

You collected 183 gold pieces.

Inventory:

Hand Weapons
 h - a +2 dagger of venom
Missiles
 j - 2 poisoned darts
Armour
 a - a +1 animal skin (worn)
 e - a +0 ring mail
Jewellery
 f - an amulet of guardian spirit
Talismans
 c - a beast talisman (active)
 d - a flux talisman
Wands
 b - a wand of quicksilver (7)
Scrolls
 g - a scroll of enchant weapon
Potions
 i - a potion of attraction {unknown}
 k - 2 potions of might


   Skills:
 + Level 3.0 Fighting
 + Level 2.9 Dodging
 * Level 5.0 Unarmed Combat
 + Level 1.9 Invocations
 + Level 4.0 Shapeshifting


You had 5 spell levels left.
You didn't know any spells.
Your spell library contained the following spells:

 Spells                   Type           Power      Damage    Failure   Level
 Cigotuvi's Dreadful Rot  Necr/Alch/Air  0%         N/A       50%         2
 Dispel Undead            Necr           0%         3d6       98%         4
 Martyr's Knell           Necr/Summ      0%         N/A       98%         4


Dungeon Overview and Level Annotations

Branches:
Dungeon (4/15)
 Temple: D:4-7

Altars:
Beogh

Shops:
D:3 :


Innate Abilities, Weirdness & Mutations

You are a hulking beast.
Your limbs bulge with bestial killing power. (Slay +2)
Your facial features look somewhat orcish.
Your serpentine skin is tough. (AC +2)
You have supernaturally acute eyesight. (SInv)
Armour fits poorly on your strangely shaped body.
Your system is resistant to poisons. (rPois)
You cover ground very slowly.
You can spit poison.
You have a snake-like lower body.


Message History

Some shallow water.
Unknown command.
Aiming: Quicksilver Bolt
Press: ? - help, Shift-Dir - straight line, f - Oruk
Aim: Oruk the orc apostle, wielding a +4 glaive of flaming and wearing a +4 scale mail (empowered by the touch of Beogh, 64% to hit)
The bolt of dispelling energy hits Oruk!
Oruk is lightly wounded.
Aiming: Quicksilver Bolt
Press: ? - help, Shift-Dir - straight line, f/p - Oruk
Aim: Oruk the orc apostle, wielding a +4 glaive of flaming and wearing a +4 scale mail (lightly wounded, empowered by the touch of Beogh, 64% to hit)
The bolt of dispelling energy hits Oruk!
Oruk is lightly wounded.
Oruk hits you from afar with a +4 glaive of flaming!
Oruk burns you!
Okay, then.
Okay, then.
Unknown command.
Aiming: Quicksilver Bolt
Press: ? - help, Shift-Dir - straight line, f/p - Oruk
Aim: Oruk the orc apostle, wielding a +4 glaive of flaming and wearing a +4 scale mail (lightly wounded, empowered by the touch of Beogh, 64% to hit)
The bolt of dispelling energy hits Oruk!
Oruk is moderately wounded.
Oruk closely misses you.
Aiming: Quicksilver Bolt
Press: ? - help, Shift-Dir - straight line, f/p - Oruk
Aim: Oruk the orc apostle, wielding a +4 glaive of flaming and wearing a +4 scale mail (moderately wounded, empowered by the touch of Beogh, 64% to hit)
The bolt of dispelling energy hits Oruk!
Oruk is heavily wounded.
Oruk hits you from afar with a +4 glaive of flaming!!
* * * LOW HITPOINT WARNING * * *
Oruk burns you!
* * * LOW HITPOINT WARNING * * *
Aiming: Quicksilver Bolt
Press: ? - help, Shift-Dir - straight line, f/p - Oruk
Aim: Oruk the orc apostle, wielding a +4 glaive of flaming and wearing a +4 scale mail (heavily wounded, empowered by the touch of Beogh, 64% to hit)
The bolt of dispelling energy hits Oruk!
Oruk is heavily wounded.
Oruk hits you from afar with a +4 glaive of flaming!!
You die...
Beogh appreciates Oruk's killing of a heretic priest.

...##.####......#
...##.#.........#
...##.#.##†#+####
...'..#...(..###########
...#######..............
........................
........................
~~~.~~~..~~~~.....~~.~~~
~~~~~≈~~~~~≈~...h.o~~≈~~
≈≈≈≈≈≈≈≈≈≈≈≈~~.....~≈≈≈≈
≈≈≈≈≈≈≈≈≈≈≈≈~~.....~≈≈≈≈
###############''#######
#)...# #.().# #....#
......# +......+


You could see Oruk the orc apostle (divinely empowered).

Vanquished Creatures
  An ogre (D:3)
  2 orc priests (D:3)
  Ijyb (D:3)
  2 iguanas (D:4)
  3 gnolls (D:2)
  6 adders
  4 dart slugs
  2 ribbon worms
  6 orcs (D:3)
  6 endoplasms
  3 giant cockroaches
  8 goblins
  10 hobgoblins
  10 jackals
  3 quokkas (D:1)
  5 ball pythons
  3 bats
  4 frilled lizards
  11 kobolds
  4 rats
94 creatures vanquished.

Notes
Turn   | Place    | Note
-------+----------+-------------------------------------------
     0 | D:1      | epen the Naga Shapeshifter began the quest for the Orb.
     0 | D:1      | Reached XP level 1. HP: 18/18 MP: 1/1
   141 | D:1      | Reached XP level 2. HP: 25/25 MP: 2/2
   477 | D:1      | Reached XP level 3. HP: 25/31 MP: 3/3
   516 | D:1      | Found a faded altar of an unknown god.
   531 | D:1      | Prayed at the altar of an unknown god.
   531 | D:1      | Became a worshipper of Beogh the Shepherd
   531 | D:1      | Reached * piety under Beogh
  1018 | D:2      | Reached XP level 4. HP: 10/39 MP: 4/4
  1228 | D:2      | Reached ** piety under Beogh
  1415 | D:2      | Reached skill level 4 in Unarmed Combat
  1722 | D:2      | Reached XP level 5. HP: 28/45 MP: 5/5
  1925 | D:3      | Noticed an ogre
  2159 | D:3      | Reached skill level 1 in Invocations
  2167 | D:3      | Killed an ogre
  2168 | D:3      | Reached XP level 6. HP: 34/55 MP: 5/7
  2329 | D:3      | Noticed Ijyb
  2344 | D:3      | Killed Ijyb
  2737 | D:3      | Found Oskiergh's Vocational Training.
  3326 | D:4      | Reached skill level 5 in Unarmed Combat
  3409 | D:4      | Reached *** piety under Beogh
  3422 | D:4      | Noticed Oruk
  3428 | D:4      | HP: 1/56 [Oruk the orc apostle/+4 glaive of flaming (10)]
  3429 | D:4      | Annihilated by Oruk the orc apostle

Illustrated notes

Levels and vault maps discovered:
D:1:      lightli_arrival_flooded_house, layout_rooms,
          dreamdust_ecumenical_altar_statues, minmay_misc_feat_more_columns
D:2:      layout_rooms, minmay_split_cup_large
D:3:      layout_loops_ring, minivault_4, nicolae_shop_vocational, uniq_ijyb
D:4:      minmay_goblin_kobold_castle, layout_basic, chei_slow_surprise

Skill      XL: |  1  2  3  4  5  6 |
---------------+-------------------+-----
Dodging        | 2 |  2.9
Fighting       | 2 3 |  3.0
Unarmed Combat | 4 5 |  5.0
Invocations    | 1 |  1.9
Shapeshifting  | 4 |  4.0

Action                     |  1- 3 |  4- 6 || total
---------------------------+-------+-------++-------
  Melee: Unarmed           |    83 |   133 ||   216
         Punch             |     1 |     2 ||     3
         Dagger            |       |    20 ||    20
  Throw: Dart              |       |     2 ||     2
 Invoke: Smiting           |       |     1 ||     1
Ability: Spit Poison       |    16 |    23 ||    39
  Evoke: Wand              |       |     5 ||     5
    Use: Scroll            |     2 |     5 ||     7
         Potion            |     1 |     2 ||     3
   Stab: Sleeping          |     1 |       ||     1
 Armour: Animal skin       |    71 |   125 ||   196
         Skin              |       |     3 ||     3
  Dodge: Dodged            |    45 |    86 ||   131

Table legend: (Time is in decaauts)
 A = Elapsed time spent in this place.
 B = Non-inter-level travel time spent in this place.
 C = Inter-level travel time spent in this place.
 D = Time resting spent in this place.
 E = Time spent auto-exploring this place.
 F = Levels seen in this place.
 G = Mean time per level.
                   A        B        C        D        E       F      G
               +--------+--------+--------+--------+--------+-----+--------+
         Total |   4063 |   3924 |    139 |    699 |   2437 |   4 | 1015.8 |
       Dungeon |   4063 |   3924 |    139 |    699 |   2437 |   4 | 1015.8 |
               +--------+--------+--------+--------+--------+-----+--------+

Top non-repeatable levels by time:
     D:3: 1478 daAuts
     D:2: 1166 daAuts
     D:1: 974 daAuts
     D:4: 444 daAuts
